Little Stars vs Monarchs
Created - November 16, 2018 at 19:33
Goals
|
Little Stars |
0 |
1 |
4 |
5 |
Monarchs |
4 |
1 |
1 |
6 |
|
Shots
|
Little Stars |
8 |
6 |
25 |
39 |
Monarchs |
18 |
7 |
10 |
35 |
|
1st period
1. Monarchs , Teuvo Teravainen 7 (Chris Thorburn 7, Bo Horvat 6) at 8:25
2. Monarchs , Brian Boyle 8 (Connor Brown 16, Andre Burakovsky 13) at 12:37
3. Monarchs , Brian Boyle 9 (Connor Brown 17, Andre Burakovsky 14) at 16:20
4. Monarchs , Connor Brown 8 (Brian Boyle 5, Jake McCabe 8) at 18:22
Penalties :
Jordie Benn (Tex) for Roughing (Minor) at 8:47
2nd period
5. Little Stars , Dana Tyrell 7 (Jesse Joensuu 9, Tyler Wotherspoon 3) at 7:16
6. Monarchs , Teuvo Teravainen 8 (Viktor Arvidsson 4, Alec Martinez 3) at 15:28 (PP)
Penalties :
Tucker Poolman (Tex) for Hooking (Minor) at 8:36, Brian Flynn (Tex) for Roughing (Double Minor) at 13:52, Mike Hoffman (MAN) for Fighting (Major) at 19:26, Scott Kosmachuck (Tex) for Fighting (Major) at 19:26, Morgan Rielly (MAN) for Holding (Minor) at 19:48
3rd period
7. Little Stars , Jordie Benn 2 (Shawn Matthias 9, Brian Flynn 19) at 0:12 (PP)
8. Little Stars , Mathieu Perreault 4 (Tyson Barrie 7) at 3:42
9. Little Stars , Brian Flynn 4 (Shawn Matthias 10, Cam Atkinson 6) at 5:55 (PP)
10. Monarchs , James Sheppard 5 (Viktor Arvidsson 5, Marko Dano 14) at 6:55
11. Little Stars , Brian Flynn 5 (Shawn Matthias 11, Cam Atkinson 7) at 13:12
Penalties :
Darnell Nurse (MAN) for Holding (Minor) at 5:44
Goalie Stats
Anthony Stolarz (Tex), 17 saves from 19 shots - (0.895), L, 0-3-0, 40:28 minutes
Peter Delmas (Tex), 12 saves from 16 shots - (0.750), 18:22 minutes
Matt Murray (MAN), 34 saves from 39 shots - (0.872), W, 2-4-0, 60:00 minutes
Players Stats for Little Stars
Player Name G A P +/- PIM S H SB GA TA FO MP PP MP PK MP
------------------------------------------------------------------------------------
Alexander Vasyunov 0 0 0 0 0 0 0 0 0 2 0/0 13:50 0:00 2:16
Brian Flynn 2 1 3 -3 4 8 2 0 1 1 17/32 20:56 0:35 1:09
Cam Atkinson 0 2 2 -3 0 3 0 0 0 0 2/5 23:12 0:35 3:24
Dana Tyrell 1 0 1 1 0 6 1 0 0 0 8/21 17:04 0:00 2:50
Daniel O'regan 0 0 0 0 0 1 1 0 0 0 1/3 7:31 0:00 0:40
Emile Poirier 0 0 0 1 0 0 0 0 0 0 0/0 0:13 0:00 0:00
Jason Dickinson 0 0 0 0 0 0 0 0 0 0 0/0 0:00 0:00 0:00
Jesse Joensuu 0 1 1 1 0 2 3 0 0 1 0/1 14:14 0:00 0:00
Jordie Benn 1 0 1 0 2 1 2 3 0 1 0/0 27:25 0:35 2:52
Justin Auger 0 0 0 0 0 0 1 0 0 0 0/0 6:51 0:00 0:00
Mathieu Perreault 1 0 1 0 0 3 1 0 1 0 3/8 11:32 0:00 0:00
Michael Mersch 0 0 0 0 0 0 0 0 0 0 0/0 8:16 0:00 1:23
Reece Willcox 0 0 0 0 0 0 1 2 0 0 0/0 11:54 0:00 2:40
Scott Kosmachuck 0 0 0 -1 5 3 3 0 0 0 0/0 11:18 0:00 0:00
Shawn Matthias 0 3 3 -3 0 6 0 0 2 0 0/4 23:12 0:35 3:24
Tucker Poolman 0 0 0 -2 2 1 2 0 0 0 0/0 21:01 0:00 2:14
Tyler Wotherspoon 0 1 1 -1 0 2 1 4 0 2 0/0 25:07 0:00 3:01
Tyson Barrie 0 1 1 -1 0 2 2 3 1 0 0/0 32:21 0:35 4:10
Ville Pokka 0 0 0 0 0 0 0 0 0 0 0/0 2:12 0:00 0:09
Zach Budish 0 0 0 1 0 1 2 0 0 2 1/1 14:14 0:00 0:00
Players Stats for Monarchs
Player Name G A P +/- PIM S H SB GA TA FO MP PP MP PK MP
------------------------------------------------------------------------------------
Alec Martinez 0 1 1 -1 0 0 1 1 1 3 0/0 21:35 3:58 0:00
Andre Burakovsky 0 2 2 3 0 0 1 0 0 0 1/1 16:29 2:51 0:00
Bo Horvat 0 1 1 -1 0 0 2 1 0 0 13/21 16:41 2:51 0:00
Brian Boyle 2 1 3 3 0 3 2 0 0 0 10/18 16:00 0:42 0:35
Chris Thorburn 0 1 1 -1 0 3 0 0 0 0 0/2 14:39 0:46 0:00
Connor Brown 1 2 3 3 0 5 1 0 1 0 1/2 16:36 2:54 0:00
Darnell Nurse 0 0 0 2 2 0 0 2 1 0 0/0 17:03 0:10 0:24
David Fischer 0 0 0 1 0 0 0 5 0 0 0/0 18:22 0:10 0:00
Dennis Everberg 0 0 0 0 0 0 0 0 0 0 0/0 1:01 0:00 0:00
Jake McCabe 0 1 1 1 0 4 1 3 1 0 0/0 22:46 3:25 0:35
James Sheppard 1 0 1 0 0 2 0 0 1 0 0/1 15:44 0:38 0:00
Kenndal McArdle 0 0 0 0 0 0 0 0 0 0 0/0 0:00 0:00 0:00
Marko Dano 0 1 1 0 0 7 0 0 1 0 16/26 18:12 3:53 0:00
Mike Hoffman 0 0 0 0 5 0 2 0 1 1 0/0 9:17 0:18 0:00
Morgan Rielly 0 0 0 -1 2 0 0 2 1 0 0/0 21:34 3:58 0:00
Nicholas Baptiste 0 0 0 0 0 0 0 0 0 0 0/0 9:18 0:00 0:00
Ryan White 0 0 0 0 0 2 0 0 0 0 2/3 9:53 0:00 0:35
Teuvo Teravainen 2 0 2 -1 0 5 1 1 1 0 0/0 17:43 3:53 0:00
Viktor Arvidsson 0 2 2 0 0 4 0 0 0 1 0/1 17:51 3:53 0:00
Will Butcher 0 0 0 2 0 0 0 2 0 0 0/0 18:38 3:25 0:11
3 Stars
1 - Brian Boyle (MAN)
2 - Connor Brown (MAN)
3 - Teuvo Teravainen (MAN)
Power Play
Little Stars - 2 on 2 Attempt(s) - 100.00%
Monarchs - 1 on 4 Attempt(s) - 25.00%
Penalty Kill
Little Stars - 3 on 4 Attempt(s) - 75.00%
- Score 0 goal in Penalty Kill
Monarchs - 0 on 2 Attempt(s) - 0.00%
- Score 0 goal in Penalty Kill
Team Stat
Little Stars - Hits : 22 - Faceoff Wins : 32 - Blocked Shots : 12 - Penalty Minutes : 13
Monarchs - Hits : 11 - Faceoff Wins : 43 - Blocked Shots : 17 - Penalty Minutes : 9
Official
Referees : Unknown
Linesman : Unknown
Game Notes
Anthony Stolarz enters game at 18:22 of 1st period
Mike Hoffman beats up Scott Kosmachuck at 19:26 of 2nd period
Finance
Level 1 -- Attendance: 1596 (79.80%) -- Ticket Income $63,840
Level 2 -- Attendance: 692 (69.20%) -- Ticket Income $13,840
Total Attendance: 2288 (76.27%)
Total Ticket Income: $77,680
Other Income: $3,884
Total Income: $81,564
Little Stars
5 vs 5 Forward
Center Left Wing Right Wing Time % Phy DF OF
1 Brian Flynn Shawn Matthias Cam Atkinson 37 1 2 2
2 Dana Tyrell Jesse Joensuu Zach Budish 31 1 2 2
3 Mathieu Perreault Alexander Vasyunov Scott Kosmachuck 22 1 2 2
4 Daniel O'regan Michael Mersch Justin Auger 10 1 2 2
5 vs 5 Defense
Defense Defense Time % Phy DF OF
1 Tyson Barrie Jordie Benn 40 1 2 2
2 Tyler Wotherspoon Tucker Poolman 30 1 2 2
3 Reece Willcox Tyson Barrie 20 1 2 2
4 Jordie Benn Tyler Wotherspoon 10 1 2 2
PowerPlay Forward
Center Left Wing Right Wing Time % Phy DF OF
1 Brian Flynn Shawn Matthias Cam Atkinson 60 0 1 4
2 Dana Tyrell Jesse Joensuu Zach Budish 40 0 1 4
PowerPlay Defense
Defense Defense Time % Phy DF OF
1 Tyson Barrie Jordie Benn 60 0 2 3
2 Tyler Wotherspoon Tucker Poolman 40 0 2 3
Penalty Kill 4 Players Forward
Center Wing Time % Phy DF OF
1 Shawn Matthias Cam Atkinson 60 0 3 2
2 Brian Flynn Dana Tyrell 40 0 3 2
Penalty Kill 4 Players Defense
Defense Defense Time % Phy DF OF
1 Tyson Barrie Jordie Benn 60 0 3 2
2 Tyler Wotherspoon Tucker Poolman 40 0 3 2
Penalty Kill - 3 Players Forward
Forward Time % Phy DF OF
1 Shawn Matthias 60 0 3 2
2 Cam Atkinson 40 0 3 2
Penalty Kill - 3 Players Defense
Defense Defense Time % Phy DF OF
1 Tyson Barrie Jordie Benn 60 0 3 2
2 Tyler Wotherspoon Tucker Poolman 40 0 3 2
4 vs 4 Forward
Center Wing Time % Phy DF OF
1 Shawn Matthias Cam Atkinson 60 1 2 2
2 Brian Flynn Dana Tyrell 40 1 2 2
4 vs 4 Defense
Defense Defense Time % Phy DF OF
1 Tyson Barrie Jordie Benn 60 1 2 2
2 Tyler Wotherspoon Tucker Poolman 40 1 2 2
Last Minutes Offensive
Center Left Wing Right Wing Defense Defense
Brian Flynn Shawn Matthias Cam Atkinson Tyson Barrie Jordie Benn
Last Minutes Defensive
Center Left Wing Right Wing Defense Defense
Brian Flynn Shawn Matthias Cam Atkinson Tyson Barrie Jordie Benn
Goaltenders
Starting : Peter Delmas
Backup : Anthony Stolarz
Extra Forwards
Normal : Emile Poirier, Mathieu Perreault, Alexander Vasyunov - PP : Emile Poirier, Mathieu Perreault - PK : Alexander Vasyunov
Extra Defensemen
Normal : Reece Willcox, Tucker Poolman, Tyson Barrie - PP : Reece Willcox - PK : Tucker Poolman, Tyson Barrie
Penalty Shots
Shawn Matthias, Cam Atkinson, Brian Flynn, Dana Tyrell, Jesse Joensuu
Scratches
Phil Oreskovic (Strained Left Elbow Injury), Andrej Sustr (Fractured Bone in Left Hand Injury), Spencer Martin (Healthy)
Monarchs
5 vs 5 Forward
Center Left Wing Right Wing Time % Phy DF OF
1 Brian Boyle Andre Burakovsky Connor Brown 30 1 2 2
2 Marko Dano James Sheppard Viktor Arvidsson 30 1 2 2
3 Bo Horvat Teuvo Teravainen Chris Thorburn 30 1 2 2
4 Ryan White Mike Hoffman Nicholas Baptiste 10 1 2 2
5 vs 5 Defense
Defense Defense Time % Phy DF OF
1 Jake McCabe David Fischer 35 0 3 2
2 Alec Martinez Morgan Rielly 35 0 3 2
3 Darnell Nurse Will Butcher 30 0 3 2
4 Jake McCabe Will Butcher 0 1 3 1
PowerPlay Forward
Center Left Wing Right Wing Time % Phy DF OF
1 Marko Dano Teuvo Teravainen Viktor Arvidsson 60 0 1 4
2 Bo Horvat Andre Burakovsky Connor Brown 40 0 1 4
PowerPlay Defense
Defense Defense Time % Phy DF OF
1 Will Butcher Jake McCabe 60 0 2 3
2 Alec Martinez Morgan Rielly 40 0 2 3
Penalty Kill 4 Players Forward
Center Wing Time % Phy DF OF
1 Brian Boyle Ryan White 60 0 4 1
2 James Sheppard Kenndal McArdle 40 0 4 1
Penalty Kill 4 Players Defense
Defense Defense Time % Phy DF OF
1 Jake McCabe Darnell Nurse 60 0 5 0
2 Alec Martinez David Fischer 40 0 5 0
Penalty Kill - 3 Players Forward
Forward Time % Phy DF OF
1 Ryan White 60 1 4 0
2 James Sheppard 40 1 4 0
Penalty Kill - 3 Players Defense
Defense Defense Time % Phy DF OF
1 Alec Martinez Darnell Nurse 60 0 5 0
2 Jake McCabe David Fischer 40 0 5 0
4 vs 4 Forward
Center Wing Time % Phy DF OF
1 Marko Dano Teuvo Teravainen 60 1 2 2
2 Connor Brown James Sheppard 40 1 2 2
4 vs 4 Defense
Defense Defense Time % Phy DF OF
1 Alec Martinez Darnell Nurse 60 1 2 2
2 Jake McCabe Morgan Rielly 40 1 2 2
Last Minutes Offensive
Center Left Wing Right Wing Defense Defense
Marko Dano Teuvo Teravainen Connor Brown Jake McCabe Will Butcher
Last Minutes Defensive
Center Left Wing Right Wing Defense Defense
Brian Boyle James Sheppard Dennis Everberg Jake McCabe Darnell Nurse
Goaltenders
Starting : Matt Murray
Backup : Anders Lindback
Extra Forwards
Normal : Marko Dano, Brian Boyle, Bo Horvat - PP : Brian Boyle, James Sheppard - PK : Dennis Everberg
Extra Defensemen
Normal : Jake McCabe, Alec Martinez, Darnell Nurse - PP : Darnell Nurse - PK : Will Butcher, Morgan Rielly
Penalty Shots
Andre Burakovsky, Marko Dano, Viktor Arvidsson, Teuvo Teravainen, James Sheppard
Scratches
Chris Tierney (Bruised Left Foot Injury), Christophe Lalancette (Healthy), Adam Tambellini (Healthy), Anton Cederholm (Healthy), Mitchell Moroz (Healthy)
Andrei Mironov (Healthy), Jonas Junland (Healthy), Anthony Peluso (Healthy), Jake Muzzin (Healthy), Tyler Beskorowany (Healthy)
% Time on Ice - Little Stars
Lines # - Real PCT - Wanted PCT - Time Play
Normal Forward
1 - 36% - 37% - 18:14
2 - 28% - 31% - 14:14
3 - 23% - 22% - 11:32
4 - 13% - 10% - 6:51
Normal Defense
1 - 37% - 40% - 18:54
2 - 37% - 30% - 18:47
3 - 18% - 20% - 9:06
4 - 8% - 10% - 4:04
PP Forward
1 - 100% - 60% - 0:35
2 - 0% - 40% - 0:00
PP Defense
1 - 100% - 60% - 0:35
2 - 0% - 40% - 0:00
PK Forward
1 - 65% - 60% - 4:56
2 - 35% - 40% - 2:37
PK Defense
1 - 60% - 60% - 4:32
2 - 40% - 40% - 3:01
PK3 Forward
1 - 0% - 60%
2 - 0% - 40%
PK3 Defense
1 - 0% - 60%
2 - 0% - 40%
44 Forward
1 - 0% - 60%
2 - 0% - 40%
44 Defense
1 - 0% - 60%
2 - 0% - 40%
Last Minute Offensive - 1:01
Last Minute Defensive - 0:00
Total
Forward - 60:00
Defense - 60:00
|
% Time on Ice - Monarchs
Lines # - Real PCT - Wanted PCT - Time Play
Normal Forward
1 - 27% - 30% - 13:41
2 - 28% - 30% - 14:02
3 - 27% - 30% - 13:50
4 - 18% - 10% - 9:18
Normal Defense
1 - 36% - 35% - 18:06
2 - 35% - 35% - 18:03
3 - 29% - 30% - 14:42
4 - 0% - 0% - 0:00
PP Forward
1 - 60% - 60% - 4:30
2 - 40% - 40% - 3:03
PP Defense
1 - 45% - 60% - 3:25
2 - 55% - 40% - 4:08
PK Forward
1 - 100% - 60% - 0:35
2 - 0% - 40% - 0:00
PK Defense
1 - 100% - 60% - 0:35
2 - 0% - 40% - 0:00
PK3 Forward
1 - 0% - 60%
2 - 0% - 40%
PK3 Defense
1 - 0% - 60%
2 - 0% - 40%
44 Forward
1 - 0% - 60%
2 - 0% - 40%
44 Defense
1 - 0% - 60%
2 - 0% - 40%
Last Minute Offensive - 0:00
Last Minute Defensive - 1:01
Total
Forward - 60:00
Defense - 60:00
|
Play by Play
1st period
0:01 of 1st period - Brian Boyle wins face-off versus Cam Atkinson in neutral zone.
0:31 of 1st period - Wrist shot by Viktor Arvidsson.
0:31 of 1st period - Stopped by Peter Delmas without a rebound.
0:32 of 1st period - Marko Dano wins face-off versus Dana Tyrell in Little Stars zone.
0:40 of 1st period - Off-side.
0:41 of 1st period - Mathieu Perreault wins face-off versus Chris Thorburn in neutral zone.
0:43 of 1st period - Off-side.
0:44 of 1st period - Bo Horvat wins face-off versus Mathieu Perreault in neutral zone.
1:16 of 1st period - Snap shot by Michael Mersch.
1:16 of 1st period - Shot Blocked by Morgan Rielly.
1:18 of 1st period - Slapshot by Reece Willcox.
1:18 of 1st period - Shot Misses the Net.
1:49 of 1st period - Icing by Dana Tyrell.
1:50 of 1st period - Brian Boyle wins face-off versus Brian Flynn in Little Stars zone.
1:51 of 1st period - Slapshot by Connor Brown.
1:51 of 1st period - Shot Misses the Net.
1:56 of 1st period - Icing by Brian Flynn.
1:57 of 1st period - Brian Flynn wins face-off versus Bo Horvat in Little Stars zone.
2:02 of 1st period - Chris Thorburn is hit by Brian Flynn and loses puck.
2:41 of 1st period - Wrist shot by Cam Atkinson.
2:41 of 1st period - Shot Blocked by Bo Horvat.
2:43 of 1st period - Wrist shot by Cam Atkinson.
2:43 of 1st period - Stopped by Matt Murray with a rebound.
2:45 of 1st period - Slapshot by Shawn Matthias.
2:45 of 1st period - Stopped by Matt Murray with a rebound.
2:47 of 1st period - Slapshot by Cam Atkinson.
2:47 of 1st period - Shot Blocked by Will Butcher.
2:49 of 1st period - Slapshot by Tyler Wotherspoon.
2:49 of 1st period - Deflect By Cam Atkinson.
2:49 of 1st period - Shot Blocked by Darnell Nurse.
2:49 of 1st period - Puck is out of play.
2:50 of 1st period - Marko Dano wins face-off versus Mathieu Perreault in Monarchs zone.
2:57 of 1st period - Snap shot by Marko Dano.
2:57 of 1st period - Stopped by Peter Delmas with a rebound.
2:59 of 1st period - Wrist shot by Alec Martinez.
2:59 of 1st period - Shot Misses the Net.
3:01 of 1st period - Snap shot by James Sheppard.
3:01 of 1st period - Shot Blocked by Jordie Benn.
3:03 of 1st period - Snap shot by Marko Dano.
3:03 of 1st period - Stopped by Peter Delmas with a rebound.
3:05 of 1st period - Slapshot by Marko Dano.
3:05 of 1st period - Stopped by Peter Delmas with a rebound.
3:15 of 1st period - Brian Boyle is hit by Jordie Benn and loses puck.
4:32 of 1st period - Snap shot by Marko Dano.
4:32 of 1st period - Stopped by Peter Delmas without a rebound.
4:33 of 1st period - Brian Boyle wins face-off versus Dana Tyrell in Little Stars zone.
4:44 of 1st period - Brian Boyle is hit by Dana Tyrell.
5:54 of 1st period - Off-side.
5:55 of 1st period - Ryan White wins face-off versus Dana Tyrell in neutral zone.
6:01 of 1st period - Off-side.
6:02 of 1st period - Dana Tyrell wins face-off versus Marko Dano in neutral zone.
7:29 of 1st period - Icing by Dana Tyrell.
7:30 of 1st period - Marko Dano wins face-off versus Dana Tyrell in Little Stars zone.
7:43 of 1st period - Snap shot by Jesse Joensuu.
7:43 of 1st period - Shot Blocked by David Fischer.
7:45 of 1st period - Wrist shot by Tyson Barrie.
7:45 of 1st period - Shot Blocked by David Fischer.
8:01 of 1st period - Slapshot by Scott Kosmachuck.
8:01 of 1st period - Shot Blocked by David Fischer.
8:03 of 1st period - Slapshot by Tucker Poolman.
8:03 of 1st period - Shot Misses the Net.
8:05 of 1st period - Slapshot by Scott Kosmachuck.
8:05 of 1st period - Shot Misses the Net.
8:07 of 1st period - Slapshot by Tyler Wotherspoon.
8:07 of 1st period - Shot Blocked by Jake McCabe.
8:23 of 1st period - Snap shot by Chris Thorburn.
8:23 of 1st period - Shot Misses the Net.
8:25 of 1st period - Wrist shot by Chris Thorburn.
8:25 of 1st period - Deflect By Teuvo Teravainen.
8:25 of 1st period - Goal by Teuvo Teravainen - Little Stars : 0 - Monarchs : 1.
8:26 of 1st period - Andre Burakovsky wins face-off versus Brian Flynn in neutral zone.
8:47 of 1st period - Minor Penalty to Jordie Benn for Roughing.
8:48 of 1st period - Marko Dano wins face-off versus Shawn Matthias in Little Stars zone.
9:47 of 1st period - Alec Martinez is hit by Tyson Barrie.
10:05 of 1st period - Snap shot by Dana Tyrell.
10:05 of 1st period - Stopped by Matt Murray with a rebound.
10:47 of 1st period - Penalty to Jordie Benn is over, Jordie Benn is back on ice.
11:15 of 1st period - Icing by Alexander Vasyunov.
11:16 of 1st period - Bo Horvat wins face-off versus Mathieu Perreault in Little Stars zone.
11:21 of 1st period - Snap shot by Ryan White.
11:21 of 1st period - Shot Blocked by Jordie Benn.
11:23 of 1st period - Slapshot by David Fischer.
11:23 of 1st period - Shot Misses the Net.
11:25 of 1st period - Wrist shot by Ryan White.
11:25 of 1st period - Stopped by Peter Delmas with a rebound.
11:27 of 1st period - Snap shot by Mike Hoffman.
11:27 of 1st period - Deflect By Nicholas Baptiste.
11:27 of 1st period - Shot Misses the Net.
11:27 of 1st period - Puck is out of play.
11:28 of 1st period - Marko Dano wins face-off versus Brian Flynn in Little Stars zone.
11:33 of 1st period - Wrist shot by Viktor Arvidsson.
11:33 of 1st period - Shot Blocked by Reece Willcox.
11:35 of 1st period - Snap shot by Marko Dano.
11:35 of 1st period - Shot Misses the Net.
11:37 of 1st period - Slapshot by Alec Martinez.
11:37 of 1st period - Shot Misses the Net.
11:39 of 1st period - Slapshot by Alec Martinez.
11:39 of 1st period - Shot Misses the Net.
11:41 of 1st period - Snap shot by Alec Martinez.
11:41 of 1st period - Deflect By Viktor Arvidsson.
11:41 of 1st period - Stopped by Peter Delmas with a rebound.
11:53 of 1st period - Chris Thorburn is hit by Jesse Joensuu and loses puck.
12:12 of 1st period - Snap shot by Ryan White.
12:12 of 1st period - Shot Misses the Net.
12:35 of 1st period - Wrist shot by Connor Brown.
12:35 of 1st period - Shot Misses the Net.
12:37 of 1st period - Wrist shot by Brian Boyle.
12:37 of 1st period - Goal by Brian Boyle - Little Stars : 0 - Monarchs : 2.
12:38 of 1st period - Brian Boyle wins face-off versus Cam Atkinson in neutral zone.
13:09 of 1st period - Wrist shot by Viktor Arvidsson.
13:09 of 1st period - Shot Misses the Net.
13:35 of 1st period - Wrist shot by Shawn Matthias.
13:35 of 1st period - Shot Misses the Net.
13:37 of 1st period - Snap shot by Tyson Barrie.
13:37 of 1st period - Deflect By Brian Flynn.
13:37 of 1st period - Shot Misses the Net.
13:37 of 1st period - Puck is out of play.
13:38 of 1st period - Dana Tyrell wins face-off versus Bo Horvat in Monarchs zone.
13:41 of 1st period - Wrist shot by Dana Tyrell.
13:41 of 1st period - Stopped by Matt Murray without a rebound.
13:42 of 1st period - Bo Horvat wins face-off versus Dana Tyrell in Monarchs zone.
13:51 of 1st period - Morgan Rielly is hit by Tyler Wotherspoon and loses puck.
14:40 of 1st period - Snap shot by Michael Mersch.
14:40 of 1st period - Deflect By Daniel O'regan.
14:40 of 1st period - Shot Misses the Net.
14:40 of 1st period - Puck is out of play.
14:41 of 1st period - Brian Flynn wins face-off versus Bo Horvat in Monarchs zone.
15:08 of 1st period - Slapshot by Scott Kosmachuck.
15:08 of 1st period - Stopped by Matt Murray with a rebound.
15:40 of 1st period - Snap shot by Teuvo Teravainen.
15:40 of 1st period - Shot Misses the Net.
15:46 of 1st period - Wrist shot by Chris Thorburn.
15:46 of 1st period - Stopped by Peter Delmas with a rebound.
15:48 of 1st period - Snap shot by Teuvo Teravainen.
15:48 of 1st period - Stopped by Peter Delmas with a rebound.
15:56 of 1st period - Wrist shot by Chris Thorburn.
15:56 of 1st period - Shot Misses the Net.
15:58 of 1st period - Wrist shot by Chris Thorburn.
15:58 of 1st period - Shot Misses the Net.
16:04 of 1st period - Wrist shot by Teuvo Teravainen.
16:04 of 1st period - Stopped by Peter Delmas with a rebound.
16:06 of 1st period - Slapshot by Jake McCabe.
16:06 of 1st period - Stopped by Peter Delmas with a rebound.
16:08 of 1st period - Wrist shot by Teuvo Teravainen.
16:08 of 1st period - Deflect By Chris Thorburn.
16:08 of 1st period - Shot Blocked by Tyler Wotherspoon.
16:08 of 1st period - Puck is out of play.
16:09 of 1st period - Brian Boyle wins face-off versus Brian Flynn in Little Stars zone.
16:20 of 1st period - Snap shot by Brian Boyle.
16:20 of 1st period - Goal by Brian Boyle - Little Stars : 0 - Monarchs : 3.
16:21 of 1st period - Brian Boyle wins face-off versus Brian Flynn in neutral zone.
16:36 of 1st period - Wrist shot by Shawn Matthias.
16:36 of 1st period - Stopped by Matt Murray without a rebound.
16:37 of 1st period - Marko Dano wins face-off versus Dana Tyrell in Monarchs zone.
17:03 of 1st period - Brian Boyle is hit by Brian Flynn.
17:24 of 1st period - Off-side.
17:25 of 1st period - Ryan White wins face-off versus Daniel O'regan in neutral zone.
17:59 of 1st period - Wrist shot by James Sheppard.
17:59 of 1st period - Stopped by Peter Delmas without a rebound.
18:00 of 1st period - Dana Tyrell wins face-off versus Brian Boyle in Little Stars zone.
18:00 of 1st period - Dana Tyrell is hit by Andre Burakovsky.
18:12 of 1st period - Snap shot by Jesse Joensuu.
18:12 of 1st period - Deflect By Dana Tyrell.
18:12 of 1st period - Stopped by Matt Murray without a rebound.
18:13 of 1st period - Brian Flynn wins face-off versus Brian Boyle in Monarchs zone.
18:14 of 1st period - Slapshot by Shawn Matthias.
18:14 of 1st period - Shot Misses the Net.
18:22 of 1st period - Slapshot by Connor Brown.
18:22 of 1st period - Goal by Connor Brown - Little Stars : 0 - Monarchs : 4.
18:22 of 1st period - Anthony Stolarz enters game.
18:23 of 1st period - Dana Tyrell wins face-off versus Marko Dano in neutral zone.
18:35 of 1st period - Icing by Jesse Joensuu.
18:36 of 1st period - Brian Boyle wins face-off versus Dana Tyrell in Little Stars zone.
18:43 of 1st period - Slapshot by Brian Boyle.
18:43 of 1st period - Stopped by Anthony Stolarz without a rebound.
18:44 of 1st period - Brian Flynn wins face-off versus Connor Brown in Little Stars zone.
18:44 of 1st period - Brian Flynn is hit by Connor Brown.
18:52 of 1st period - Slapshot by Brian Flynn.
18:52 of 1st period - Stopped by Matt Murray with a rebound.
19:14 of 1st period - Slapshot by Andre Burakovsky.
19:14 of 1st period - Shot Misses the Net.
19:19 of 1st period - Slapshot by Andre Burakovsky.
19:19 of 1st period - Shot Blocked by Tyson Barrie.
19:21 of 1st period - Slapshot by Connor Brown.
19:21 of 1st period - Stopped by Anthony Stolarz with a rebound.
19:23 of 1st period - Backhand shot by Andre Burakovsky.
19:23 of 1st period - Shot Blocked by Reece Willcox.
19:53 of 1st period - Wrist shot by Andre Burakovsky.
19:53 of 1st period - Shot Misses the Net.
Goals for this period are 0 for Little Stars vs 4 for Monarchs .
Shots for this period are 8 for Little Stars vs 18 for Monarchs .
2nd period
0:01 of 2nd period - Brian Flynn wins face-off versus Marko Dano in neutral zone.
0:31 of 2nd period - Snap shot by Zach Budish.
0:31 of 2nd period - Stopped by Matt Murray with a rebound.
0:57 of 2nd period - Connor Brown is hit by Tucker Poolman.
1:15 of 2nd period - Snap shot by Cam Atkinson.
1:15 of 2nd period - Deflect By Brian Flynn.
1:15 of 2nd period - Shot Blocked by Morgan Rielly.
1:15 of 2nd period - Puck is out of play.
1:16 of 2nd period - Marko Dano wins face-off versus Brian Flynn in Monarchs zone.
2:15 of 2nd period - Wrist shot by Marko Dano.
2:15 of 2nd period - Shot Blocked by Tyler Wotherspoon.
2:29 of 2nd period - Snap shot by Viktor Arvidsson.
2:29 of 2nd period - Deflect By Marko Dano.
2:29 of 2nd period - Stopped by Anthony Stolarz without a rebound.
2:30 of 2nd period - Bo Horvat wins face-off versus Dana Tyrell in Little Stars zone.
3:45 of 2nd period - Jake McCabe is hit by Scott Kosmachuck and loses puck.
3:56 of 2nd period - Snap shot by Mike Hoffman.
3:56 of 2nd period - Shot Misses the Net.
4:12 of 2nd period - Snap shot by Jesse Joensuu.
4:12 of 2nd period - Shot Blocked by Alec Martinez.
4:24 of 2nd period - Snap shot by Scott Kosmachuck.
4:24 of 2nd period - Shot Misses the Net.
4:46 of 2nd period - Cam Atkinson is hit by Brian Boyle and loses puck.
5:42 of 2nd period - Snap shot by Chris Thorburn.
5:42 of 2nd period - Shot Misses the Net.
5:44 of 2nd period - Slapshot by Chris Thorburn.
5:44 of 2nd period - Shot Blocked by Tyson Barrie.
5:46 of 2nd period - Snap shot by Chris Thorburn.
5:46 of 2nd period - Shot Blocked by Tyson Barrie.
5:48 of 2nd period - Backhand shot by Jake McCabe.
5:48 of 2nd period - Deflect By Chris Thorburn.
5:48 of 2nd period - Stopped by Anthony Stolarz without a rebound.
5:49 of 2nd period - Marko Dano wins face-off versus Mathieu Perreault in Little Stars zone.
6:03 of 2nd period - James Sheppard is hit by Reece Willcox and loses puck.
7:00 of 2nd period - Icing by Tyler Wotherspoon.
7:01 of 2nd period - Dana Tyrell wins face-off versus James Sheppard in Little Stars zone.
7:16 of 2nd period - Slapshot by Jesse Joensuu.
7:16 of 2nd period - Deflect By Dana Tyrell.
7:16 of 2nd period - Goal by Dana Tyrell - Little Stars : 1 - Monarchs : 4.
7:17 of 2nd period - Bo Horvat wins face-off versus Brian Flynn in neutral zone.
7:19 of 2nd period - Off-side.
7:20 of 2nd period - Bo Horvat wins face-off versus Brian Flynn in neutral zone.
8:09 of 2nd period - Snap shot by Jesse Joensuu.
8:09 of 2nd period - Shot Hit the Post.
8:11 of 2nd period - Slapshot by Tyson Barrie.
8:11 of 2nd period - Stopped by Matt Murray with a rebound.
8:13 of 2nd period - Snap shot by Tyson Barrie.
8:13 of 2nd period - Shot Misses the Net.
8:15 of 2nd period - Slapshot by Tyson Barrie.
8:15 of 2nd period - Shot Blocked by David Fischer.
8:36 of 2nd period - Minor Penalty to Tucker Poolman for Hooking.
8:37 of 2nd period - Marko Dano wins face-off versus Shawn Matthias in Little Stars zone.
8:47 of 2nd period - Slapshot by Marko Dano.
8:47 of 2nd period - Stopped by Anthony Stolarz with a rebound.
10:04 of 2nd period - Tyler Wotherspoon is hit by Bo Horvat and loses puck.
10:36 of 2nd period - Penalty to Tucker Poolman is over, Tucker Poolman is back on ice.
10:43 of 2nd period - Dana Tyrell is hit by Mike Hoffman and loses puck.
11:10 of 2nd period - Andre Burakovsky is hit by Scott Kosmachuck and loses puck.
11:25 of 2nd period - Ville Pokka is hit by Mike Hoffman and loses puck.
12:01 of 2nd period - Snap shot by Dana Tyrell.
12:01 of 2nd period - Stopped by Matt Murray without a rebound.
12:02 of 2nd period - Bo Horvat wins face-off versus Dana Tyrell in Monarchs zone.
12:02 of 2nd period - Bo Horvat is hit by Jesse Joensuu.
12:39 of 2nd period - Mike Hoffman is hit by Justin Auger and loses puck.
12:58 of 2nd period - Slapshot by Jake McCabe.
12:58 of 2nd period - Stopped by Anthony Stolarz with a rebound.
13:00 of 2nd period - Slapshot by David Fischer.
13:00 of 2nd period - Shot Blocked by Tyler Wotherspoon.
13:02 of 2nd period - Slapshot by Jake McCabe.
13:02 of 2nd period - Stopped by Anthony Stolarz with a rebound.
13:24 of 2nd period - Wrist shot by Mathieu Perreault.
13:24 of 2nd period - Shot Misses the Net.
13:29 of 2nd period - Off-side.
13:30 of 2nd period - Bo Horvat wins face-off versus Brian Flynn in neutral zone.
13:42 of 2nd period - Snap shot by Chris Thorburn.
13:42 of 2nd period - Shot Misses the Net.
13:44 of 2nd period - Snap shot by Chris Thorburn.
13:44 of 2nd period - Shot Misses the Net.
13:46 of 2nd period - Slapshot by Chris Thorburn.
13:46 of 2nd period - Stopped by Anthony Stolarz with a rebound.
13:52 of 2nd period - Double Minor Penalty to Brian Flynn for Roughing.
13:53 of 2nd period - Marko Dano wins face-off versus Shawn Matthias in Little Stars zone.
15:28 of 2nd period - Wrist shot by Teuvo Teravainen.
15:28 of 2nd period - Goal by Teuvo Teravainen - Little Stars : 1 - Monarchs : 5.
15:29 of 2nd period - Bo Horvat wins face-off versus Shawn Matthias in neutral zone.
16:26 of 2nd period - Morgan Rielly is hit by Jordie Benn.
16:32 of 2nd period - Daniel O'regan is hit by Alec Martinez.
17:28 of 2nd period - Penalty to Brian Flynn is over, Brian Flynn is back on ice.
17:53 of 2nd period - Snap shot by Daniel O'regan.
17:53 of 2nd period - Deflect By David Fischer.
17:53 of 2nd period - Shot Blocked by David Fischer.
17:53 of 2nd period - Puck is out of play.
17:54 of 2nd period - Daniel O'regan wins face-off versus Viktor Arvidsson in Monarchs zone.
17:55 of 2nd period - Wrist shot by Michael Mersch.
17:55 of 2nd period - Shot Misses the Net.
19:20 of 2nd period - Wrist shot by Mathieu Perreault.
19:20 of 2nd period - Stopped by Matt Murray without a rebound.
19:21 of 2nd period - Mathieu Perreault wins face-off versus Ryan White in Monarchs zone.
19:22 of 2nd period - Snap shot by Scott Kosmachuck.
19:22 of 2nd period - Shot Misses the Net.
19:24 of 2nd period - Wrist shot by Scott Kosmachuck.
19:24 of 2nd period - Shot Misses the Net.
19:26 of 2nd period - Slapshot by Scott Kosmachuck.
19:26 of 2nd period - Stopped by Matt Murray without a rebound.
19:26 of 2nd period - Mike Hoffman beats up Scott Kosmachuck.
19:26 of 2nd period - Penalty to Mike Hoffman for Fighting.
19:26 of 2nd period - Penalty to Scott Kosmachuck for Fighting.
19:27 of 2nd period - Brian Flynn wins face-off versus Bo Horvat in Monarchs zone.
19:48 of 2nd period - Minor Penalty to Morgan Rielly for Holding.
19:49 of 2nd period - Brian Flynn wins face-off versus Brian Boyle in Monarchs zone.
Goals for this period are 1 for Little Stars vs 1 for Monarchs .
Shots for this period are 6 for Little Stars vs 7 for Monarchs .
3rd period
0:01 of 3rd period - Brian Flynn wins face-off versus Brian Boyle in neutral zone.
0:08 of 3rd period - Snap shot by Brian Flynn.
0:08 of 3rd period - Stopped by Matt Murray with a rebound.
0:10 of 3rd period - Snap shot by Shawn Matthias.
0:10 of 3rd period - Shot Misses the Net.
0:12 of 3rd period - Snap shot by Jordie Benn.
0:12 of 3rd period - Goal by Jordie Benn - Little Stars : 2 - Monarchs : 5.
0:13 of 3rd period - Cam Atkinson wins face-off versus Marko Dano in neutral zone.
0:26 of 3rd period - Slapshot by Brian Flynn.
0:26 of 3rd period - Stopped by Matt Murray without a rebound.
0:27 of 3rd period - Bo Horvat wins face-off versus Brian Flynn in Monarchs zone.
0:33 of 3rd period - Off-side.
0:34 of 3rd period - Bo Horvat wins face-off versus Brian Flynn in neutral zone.
1:49 of 3rd period - Off-side.
1:50 of 3rd period - Dana Tyrell wins face-off versus Bo Horvat in neutral zone.
1:53 of 3rd period - Wrist shot by Jesse Joensuu.
1:53 of 3rd period - Stopped by Matt Murray without a rebound.
1:54 of 3rd period - Zach Budish wins face-off versus Marko Dano in Monarchs zone.
2:20 of 3rd period - Icing by Tyler Wotherspoon.
2:21 of 3rd period - Bo Horvat wins face-off versus Jesse Joensuu in Little Stars zone.
2:46 of 3rd period - Snap shot by Dana Tyrell.
2:46 of 3rd period - Shot Misses the Net.
3:02 of 3rd period - Wrist shot by Jesse Joensuu.
3:02 of 3rd period - Shot Misses the Net.
3:04 of 3rd period - Slapshot by Tyler Wotherspoon.
3:04 of 3rd period - Stopped by Matt Murray without a rebound.
3:05 of 3rd period - Marko Dano wins face-off versus Cam Atkinson in Monarchs zone.
3:09 of 3rd period - Off-side.
3:10 of 3rd period - Brian Flynn wins face-off versus Marko Dano in neutral zone.
3:42 of 3rd period - Wrist shot by Mathieu Perreault.
3:42 of 3rd period - Goal by Mathieu Perreault - Little Stars : 3 - Monarchs : 5.
3:43 of 3rd period - Brian Flynn wins face-off versus Marko Dano in neutral zone.
3:51 of 3rd period - Snap shot by Viktor Arvidsson.
3:51 of 3rd period - Stopped by Anthony Stolarz with a rebound.
3:53 of 3rd period - Slapshot by Jake McCabe.
3:53 of 3rd period - Stopped by Anthony Stolarz with a rebound.
3:55 of 3rd period - Slapshot by Marko Dano.
3:55 of 3rd period - Stopped by Anthony Stolarz without a rebound.
3:56 of 3rd period - Brian Boyle wins face-off versus Brian Flynn in Little Stars zone.
4:03 of 3rd period - Wrist shot by Andre Burakovsky.
4:03 of 3rd period - Shot Hit the Post.
4:05 of 3rd period - Wrist shot by Connor Brown.
4:05 of 3rd period - Stopped by Anthony Stolarz with a rebound.
4:07 of 3rd period - Snap shot by Andre Burakovsky.
4:07 of 3rd period - Deflect By Connor Brown.
4:07 of 3rd period - Shot Misses the Net.
4:07 of 3rd period - Puck is out of play.
4:08 of 3rd period - Brian Flynn wins face-off versus Bo Horvat in Little Stars zone.
4:08 of 3rd period - Brian Flynn is hit by Teuvo Teravainen.
4:34 of 3rd period - Jake McCabe is hit by Zach Budish and loses puck.
4:41 of 3rd period - Wrist shot by Dana Tyrell.
4:41 of 3rd period - Deflect By Jesse Joensuu.
4:41 of 3rd period - Stopped by Matt Murray with a rebound.
4:47 of 3rd period - Snap shot by Dana Tyrell.
4:47 of 3rd period - Stopped by Matt Murray with a rebound.
4:57 of 3rd period - Tucker Poolman is hit by Jake McCabe and loses puck.
5:39 of 3rd period - Wrist shot by Brian Flynn.
5:39 of 3rd period - Stopped by Matt Murray with a rebound.
5:41 of 3rd period - Backhand shot by Tucker Poolman.
5:41 of 3rd period - Stopped by Matt Murray without a rebound.
5:42 of 3rd period - Marko Dano wins face-off versus Brian Flynn in Monarchs zone.
5:44 of 3rd period - Minor Penalty to Darnell Nurse for Holding.
5:45 of 3rd period - Brian Flynn wins face-off versus Brian Boyle in Monarchs zone.
5:53 of 3rd period - Snap shot by Shawn Matthias.
5:53 of 3rd period - Shot Blocked by Jake McCabe.
5:55 of 3rd period - Snap shot by Brian Flynn.
5:55 of 3rd period - Goal by Brian Flynn - Little Stars : 4 - Monarchs : 5.
5:56 of 3rd period - Dana Tyrell wins face-off versus Bo Horvat in neutral zone.
6:03 of 3rd period - Slapshot by Jesse Joensuu.
6:03 of 3rd period - Shot Blocked by Will Butcher.
6:05 of 3rd period - Snap shot by Jesse Joensuu.
6:05 of 3rd period - Shot Blocked by Teuvo Teravainen.
6:07 of 3rd period - Slapshot by Dana Tyrell.
6:07 of 3rd period - Shot Misses the Net.
6:09 of 3rd period - Snap shot by Dana Tyrell.
6:09 of 3rd period - Shot Misses the Net.
6:43 of 3rd period - Off-side.
6:44 of 3rd period - Brian Flynn wins face-off versus Marko Dano in neutral zone.
6:47 of 3rd period - Wrist shot by Cam Atkinson.
6:47 of 3rd period - Deflect By Brian Flynn.
6:47 of 3rd period - Stopped by Matt Murray without a rebound.
6:48 of 3rd period - Marko Dano wins face-off versus Brian Flynn in Monarchs zone.
6:55 of 3rd period - Slapshot by James Sheppard.
6:55 of 3rd period - Goal by James Sheppard - Little Stars : 4 - Monarchs : 6.
6:56 of 3rd period - Connor Brown wins face-off versus Dana Tyrell in neutral zone.
7:11 of 3rd period - Wrist shot by Jesse Joensuu.
7:11 of 3rd period - Shot Blocked by Darnell Nurse.
7:33 of 3rd period - Snap shot by Connor Brown.
7:33 of 3rd period - Stopped by Anthony Stolarz without a rebound.
7:34 of 3rd period - Marko Dano wins face-off versus Brian Flynn in Little Stars zone.
7:35 of 3rd period - Slapshot by Viktor Arvidsson.
7:35 of 3rd period - Stopped by Anthony Stolarz without a rebound.
7:36 of 3rd period - Brian Flynn wins face-off versus Marko Dano in Little Stars zone.
8:06 of 3rd period - Shawn Matthias is hit by Brian Boyle and loses puck.
8:17 of 3rd period - Wrist shot by Cam Atkinson.
8:17 of 3rd period - Shot Misses the Net.
8:19 of 3rd period - Slapshot by Brian Flynn.
8:19 of 3rd period - Stopped by Matt Murray with a rebound.
8:21 of 3rd period - Slapshot by Tyler Wotherspoon.
8:21 of 3rd period - Shot Misses the Net.
8:23 of 3rd period - Snap shot by Shawn Matthias.
8:23 of 3rd period - Stopped by Matt Murray without a rebound.
8:24 of 3rd period - Marko Dano wins face-off versus Dana Tyrell in Monarchs zone.
8:49 of 3rd period - Jake McCabe is hit by Tyson Barrie and loses puck.
8:53 of 3rd period - Icing by Teuvo Teravainen.
8:54 of 3rd period - Bo Horvat wins face-off versus Mathieu Perreault in Monarchs zone.
9:05 of 3rd period - Snap shot by Teuvo Teravainen.
9:05 of 3rd period - Shot Misses the Net.
9:07 of 3rd period - Snap shot by Teuvo Teravainen.
9:07 of 3rd period - Stopped by Anthony Stolarz with a rebound.
9:09 of 3rd period - Wrist shot by Bo Horvat.
9:09 of 3rd period - Shot Blocked by Tyler Wotherspoon.
9:39 of 3rd period - Slapshot by Shawn Matthias.
9:39 of 3rd period - Stopped by Matt Murray without a rebound.
9:40 of 3rd period - Dana Tyrell wins face-off versus Marko Dano in Monarchs zone.
10:13 of 3rd period - Nicholas Baptiste is hit by Jesse Joensuu.
10:23 of 3rd period - Off-side.
10:24 of 3rd period - Brian Flynn wins face-off versus Brian Boyle in neutral zone.
10:27 of 3rd period - Slapshot by Cam Atkinson.
10:27 of 3rd period - Shot Misses the Net.
10:58 of 3rd period - Will Butcher is hit by Scott Kosmachuck and loses puck.
11:13 of 3rd period - Chris Thorburn is hit by Tucker Poolman and loses puck.
11:24 of 3rd period - Wrist shot by Chris Thorburn.
11:24 of 3rd period - Shot Blocked by Jordie Benn.
13:04 of 3rd period - Off-side.
13:05 of 3rd period - Cam Atkinson wins face-off versus Bo Horvat in neutral zone.
13:08 of 3rd period - Snap shot by Brian Flynn.
13:08 of 3rd period - Shot Misses the Net.
13:10 of 3rd period - Snap shot by Shawn Matthias.
13:10 of 3rd period - Shot Misses the Net.
13:12 of 3rd period - Wrist shot by Brian Flynn.
13:12 of 3rd period - Goal by Brian Flynn - Little Stars : 5 - Monarchs : 6.
13:13 of 3rd period - Brian Boyle wins face-off versus Dana Tyrell in neutral zone.
13:48 of 3rd period - Wrist shot by Shawn Matthias.
13:48 of 3rd period - Deflect By Brian Flynn.
13:48 of 3rd period - Shot Misses the Net.
13:48 of 3rd period - Puck is out of play.
13:49 of 3rd period - Brian Boyle wins face-off versus Dana Tyrell in Monarchs zone.
13:58 of 3rd period - Connor Brown is hit by Zach Budish and loses puck.
14:27 of 3rd period - Shawn Matthias is hit by Bo Horvat and loses puck.
16:32 of 3rd period - Wrist shot by Ryan White.
16:32 of 3rd period - Stopped by Anthony Stolarz with a rebound.
16:53 of 3rd period - Icing by Viktor Arvidsson.
16:54 of 3rd period - Marko Dano wins face-off versus Daniel O'regan in Monarchs zone.
17:05 of 3rd period - James Sheppard is hit by Daniel O'regan and loses puck.
17:39 of 3rd period - Wrist shot by Daniel O'regan.
17:39 of 3rd period - Stopped by Matt Murray without a rebound.
17:40 of 3rd period - Mathieu Perreault wins face-off versus Chris Thorburn in Monarchs zone.
17:57 of 3rd period - Chris Thorburn is hit by Mathieu Perreault and loses puck.
18:18 of 3rd period - Snap shot by Connor Brown.
18:18 of 3rd period - Stopped by Anthony Stolarz without a rebound.
18:19 of 3rd period - Brian Flynn wins face-off versus Brian Boyle in Little Stars zone.
18:50 of 3rd period - Little Stars, Anthony Stolarz is pulled from the net.
18:54 of 3rd period - Slapshot by Scott Kosmachuck.
18:54 of 3rd period - Stopped by Matt Murray with a rebound.
18:56 of 3rd period - Wrist shot by Mathieu Perreault.
18:56 of 3rd period - Stopped by Matt Murray with a rebound.
18:58 of 3rd period - Slapshot by Tyler Wotherspoon.
18:58 of 3rd period - Stopped by Matt Murray without a rebound.
18:59 of 3rd period - Todd McLellan call a timeout for Little Stars.
18:59 of 3rd period - Brian Flynn wins face-off versus Brian Boyle in Monarchs zone.
19:06 of 3rd period - Wrist shot by Shawn Matthias.
19:06 of 3rd period - Stopped by Matt Murray with a rebound.
19:08 of 3rd period - Snap shot by Brian Flynn.
19:08 of 3rd period - Shot Misses the Net.
19:27 of 3rd period - Snap shot by Shawn Matthias.
19:27 of 3rd period - Shot Blocked by Jake McCabe.
19:29 of 3rd period - Snap shot by Tyson Barrie.
19:29 of 3rd period - Stopped by Matt Murray with a rebound.
19:31 of 3rd period - Wrist shot by Jordie Benn.
19:31 of 3rd period - Shot Hit the Post.
19:33 of 3rd period - Snap shot by Jordie Benn.
19:33 of 3rd period - Deflect By Cam Atkinson.
19:33 of 3rd period - Stopped by Matt Murray with a rebound.
19:37 of 3rd period - Snap shot by Cam Atkinson.
19:37 of 3rd period - Stopped by Matt Murray with a rebound.
19:39 of 3rd period - Snap shot by Shawn Matthias.
19:39 of 3rd period - Stopped by Matt Murray with a rebound.
Goals for this period are 4 for Little Stars vs 1 for Monarchs .
Shots for this period are 25 for Little Stars vs 10 for Monarchs .
Back to the Top